Map: Catalyst LE

Players

Elazer - Winner!

  • Race: Zerg Zerg
  • League: Master
  • Spawn Location: 5:00

Namshar

  • Race: Zerg Zerg
  • League: Grandmaster
  • Spawn Location: 11:00

Event: HomeStory Cup XVI

VOD

Have the link to the VOD?

Description

Time

  • Played on: Nov. 11, 2017, 7:11 a.m.
  • Length: 7:22

All games in this series

Show
View Real Time Build Order
Export as new Build Order

Elazer Zerg - Winner!

Build Orders: Hatch First 

Get SALT Encoding   

  12  0:00  Drone  
  13  0:12  Overlord  
  13  0:16  Drone  
  14  0:30  Drone x2  
  14  0:34  Drone  
  17  0:52  Hatchery  
  17  0:54  Drone  
  17  0:57  Drone  
  18  1:08  Extractor  
  17  1:12  Spawning Pool  
  17  1:15  Drone  
  17  1:19  Drone  
  18  1:27  Drone  
  19  1:38  Overlord  
  19  1:50  Drone  
  20  1:59  Queen  
  20  2:00  Zergling x2  
  23  2:04  Zergling x2  
  23  2:05  Queen  
  23  2:07  Metabolic Boost  
  26  2:11  Drone  
  27  2:16  Drone  
  27  2:21  Drone  
  29  2:27  Drone  
  30  2:34  Drone  
  31  2:40  Hatchery  
  31  2:43  Overlord  
  30  2:46  Drone  
  30  2:49  Drone  
  32  2:55  Zergling x2  
  33  2:58  Drone  
  34  3:06  Zergling x2  
  34  3:07  Baneling Nest  
  34  3:09  Overlord, Drone  
  35  3:13  Drone  
  35  3:16  Queen  
  35  3:18  Drone  
  39  3:21  Drone  
  39  3:25  Drone  
  41  3:30  Queen  
  41  3:34  Zergling x4  
  45  3:41  Zergling x2  
  45  3:42  Zergling x2  
  45  3:46  Zergling x6  
  49  3:51  Zergling x6  
  49  3:53  Baneling x2  
  46  3:57  Zergling x6  
  47  4:03  Queen  
  47  4:06  Zergling x4  
  51  4:13  Zergling x2  
  52  4:18  Zergling x6  
  52  4:22  Baneling x2  
  55  4:26  Zergling x8  
  57  4:34  Overlord  
  55  4:45  Zergling x4  
  57  4:50  Zergling x4  
  55  4:56  Zergling x10  
  53  5:00  Queen  
  53  5:02  Queen x2  
  53  5:03  Zergling x4  
  57  5:09  Zergling x8  
  61  5:18  Baneling  
  61  5:19  Baneling x5, Zergling x6  
  64  5:25  Zergling x4  
  64  5:26  Baneling  
  64  5:27  Baneling x2  
  54  5:48  Zergling x12  
  54  5:49  Zergling x2  
  54  5:52  Zergling x6  
  54  5:55  Baneling  
  55  5:58  Zergling x2  
  42  6:13  Zergling x16  
  42  6:16  Queen x2  
  50  6:19  Zergling x4  
  50  6:22  Zergling x2  
  50  6:25  Zergling x2  
  52  6:31  Baneling  
  52  6:32  Baneling x3  
  52  6:34  Queen  
  52  6:39  Zergling x2  
  55  6:40  Zergling x4  
  55  6:46  Zergling x2  
  55  6:47  Zergling x4  
  53  6:56  Zergling x10  
  56  7:03  Zergling x4  
Show
View Real Time Build Order
Export as new Build Order

Namshar Zerg 

Build Orders: Hatch First 

Get SALT Encoding   

  12  0:00  Drone  
  13  0:12  Overlord  
  13  0:17  Drone  
  14  0:30  Drone x2  
  14  0:34  Drone  
  17  0:51  Hatchery  
  17  0:54  Drone  
  17  0:57  Drone  
  17  1:01  Extractor  
  17  1:14  Spawning Pool  
  17  1:16  Drone  
  17  1:20  Drone  
  18  1:27  Drone  
  19  1:38  Overlord  
  19  2:00  Queen  
  21  2:02  Metabolic Boost  
  21  2:03  Queen  
  21  2:04  Zergling x4  
  21  2:07  Zergling x2  
  26  2:11  Drone  
  26  2:14  Drone  
  28  2:22  Drone  
  29  2:25  Drone  
  30  2:32  Drone  
  31  2:41  Drone  
  32  2:46  Hatchery  
  30  2:55  Overlord, Drone  
  31  3:00  Zergling x4  
  31  3:04  Zergling x2  
  34  3:15  Zergling x12  
  41  3:27  Zergling x2  
  41  3:31  Roach Warren  
  41  3:33  Zergling x6  
  43  3:36  Overlord  
  41  3:54  Zergling x8  
  42  4:07  Overlord  
  40  4:21  Roach x7  
  54  4:27  Roach  
  54  4:28  Roach  
  55  4:45  Roach x3  
  60  4:58  Roach  
  60  4:59  Roach x2  
  64  5:06  Zergling x8  
  62  5:09  Queen  
  62  5:14  Ravager  
  65  5:15  Overlord  
  65  5:16  Overlord  
  65  5:19  Zergling x2  
  57  5:43  Ravager  
  57  5:44  Zergling x18  
  57  5:46  Zergling x2  
  49  6:07  Zergling x2  
  49  6:08  Zergling x8  
  51  6:17  Zergling x2  
  51  6:18  Zergling x4  
  43  6:23  Ravager  
  35  6:34  Drone x4  
  33  7:00  Roach, Zergling x14  
Tags
 
Add a new tag
Caveats
  • Supply blocks, unpowered buildings, or Contaminate may cause inaccurate times.
  • Supply counts are checked every 10 seconds.